 Dungeon Crawl Stone Soup version 0.17.0-18-gaab0e96 (webtiles) character file.

2669 septik the Covert (level 9, -6/45 HPs)
             Began as a Spriggan Enchanter on Nov 11, 2015.
             Was an Elder of Makhleb.
             Mangled by asdu's ghost (14 damage)
             ... on level 8 of the Dungeon.
             The game lasted 00:34:30 (6981 turns).

septik the Covert (Spriggan Enchanter)              Turns: 6981, Time: 00:34:31

Health: -6/45      AC:  5    Str:  4    XL:     9   Next: 37%
Magic:  1/25       EV: 24    Int: 19    God:    Makhleb [****..]
Gold:   217        SH:  0    Dex: 17    Spells: 4 memorised, 7 levels left

rFire  + . .     SeeInvis +     K - +2 falchion
rCold  + . .     Clarity  .     E - +2 robe {rC+ rF+}
rNeg   + . .     SustAt   .     (shield restricted)
rPois  .         Gourm    .     (helmet restricted)
rElec  .         Spirit   .     u - +0 cloak
rCorr  .         Warding  .     (gloves unavailable)
rMut   .         Stasis   .     (boots unavailable)
MR     +....                    (no amulet)
Stlth  +++++.....               H - ring of positive energy
                                g - ring of magical power

@: lethally poisoned (-6 -> -15), very quick, somewhat resistant to hostile
enchantments, quite stealthy
A: unfitting armour, see invisible, herbivore 3, speed 3, slow metabolism 2
a: Minor Destruction, Lesser Servant of Makhleb, Major Destruction, Renounce
Religion


You were on level 8 of the Dungeon.
You worshipped Makhleb.
Makhleb was greatly pleased with you.
You were near starving.

You visited 1 branch of the dungeon, and saw 8 of its levels.

You collected 441 gold pieces.
You spent 224 gold pieces at shops.

Inventory:

Hand Weapons
 a - a +1 dagger
 i - a +1 short sword of flaming
 J - the +6 short sword "Juxziplu" {pierce, *Rage rElec Str+4 Stlth-}
   (You bought it in a shop on level 7 of the Dungeon)

   It inflicts extra damage upon your enemies.
   It affects your strength (+4).
   It insulates you from electricity.
   It may make you go berserk in combat.
   It makes you less stealthy.
 K - a +2 falchion (weapon)
Missiles
 h - 257 stones (quivered)
 F - 6 tomahawks
 I - 4 throwing nets
Armour
 b - a +1 robe
 u - a +0 cloak (worn)
 C - a +0 buckler
 D - a +1 robe of positive energy
 E - a +2 robe of resistance (worn)
Jewellery
 g - a ring of magical power (left hand)
 H - a ring of positive energy (right hand)
Wands
 r - a wand of fire (7)
 z - a wand of frost (20)
Scrolls
 e - 5 scrolls of recharging {unknown}
 j - 4 scrolls of remove curse {unknown}
 k - 13 scrolls of identify {unknown}
 l - a scroll of amnesia {unknown}
 m - a scroll of enchant armour {unknown}
 n - a scroll of noise {unknown}
 o - 3 scrolls of fog {unknown}
 x - a scroll of fear {unknown}
 y - 2 scrolls of teleportation {unknown}
 B - a scroll of magic mapping {unknown}
Potions
 f - a potion of heal wounds {unknown}
 p - 3 potions of poison {unknown}
 q - 2 potions of invisibility {unknown}
 s - a potion of resistance {unknown}
 t - a potion of degeneration {unknown}
 v - a potion of haste {unknown}
 w - 4 potions of curing {unknown}
 A - a potion of might {unknown}
 G - a potion of magic {unknown}
Books
 c - a book of Maledictions

   Spells                             Type                      Level
   a - Corona                         Hexes                        1
   b - Ensorcelled Hibernation        Hexes/Ice                    2
   c - Confuse                        Hexes                        3
   d - Tukima's Dance                 Hexes                        3
   e - Dazzling Spray                 Conjuration/Hexes            3
 L - a book of the Earth

   Spells                             Type                      Level
   a - Leda's Liquefaction            Hexes/Earth                  4
   b - Bolt of Magma                  Conjuration/Fire/Earth       5
   c - Statue Form                    Transmutation/Earth          6
   d - Iron Shot                      Conjuration/Earth            6
   e - Shatter                        Earth                        9
Comestibles
 d - 6 bread rations


   Skills:
 - Level 4.0 Fighting
 + Level 5.2 Short Blades
 - Level 9.0 Dodging
 + Level 10.1 Stealth
 - Level 2.1 Shields
 - Level 4.0 Spellcasting
 - Level 7.4 Hexes


You had 7 spell levels left.
You knew the following spells:

 Your Spells              Type           Power        Failure   Level  Hunger
a - Corona                Hex            ####...      1%          1    None
b - Ensorcelled Hibernat  Hex/Ice        ###...       6%          2    ##.....
c - Confuse               Hex            ####....     1%          3    ###....
d - Tukima's Dance        Hex            ####....     1%          3    ###....


Dungeon Overview and Level Annotations

Branches:
Dungeon (8/15)             Temple (0/1) D:6
   Lair: D:8-11

Altars:
Fedhas
Makhleb
Qazlal
Ru
Sif Muna
Trog

Shops:
D:5 =   D:7 (   D:8 %

Annotations:
D:5 ring shop
D:8 asdu's ghost, novice HOBe


Innate Abilities, Weirdness & Mutations

You are tiny and cannot use many weapons and most armour.
You have supernaturally acute eyesight.
You are a herbivore.
You cover ground extremely quickly.
You need consume almost no food.


Message History

You hit the wight but do no damage.
The wight is moderately damaged.
You feel sick. The wight hits you with a great sword.
Asdu's ghost barely misses you.
You barely miss the wight.
The wight is moderately damaged.
You feel sick. The wight hits you with a great sword!
* * * LOW HITPOINT WARNING * * *
Asdu's ghost completely misses you.
You hit the wight.
The wight is severely damaged.
* * * LOW HITPOINT WARNING * * *
You feel sick. Asdu's ghost barely misses you. The wight misses you.
You hit the wight.
You destroy the wight!
Makhleb accepts your kill.
You feel better.
* * * LOW HITPOINT WARNING * * *
You feel sick. Asdu's ghost hits you!
You die...

#######.############
...................#
#######..........#.#
#....######...#.###
#.#..........<.......
####.#.......#.#########
...).##.#<...#........#
###.....#############.#
#............W@)..#.#
###....############.#.#
.......# #.#.# ...>.W.#
#.#.# .......#########
#z#.#####
###..[.........#
#.#...∩.# #.#..#######.#
#W####.## #.#..#.....#.#
#)# #.# #.#..#.......#
#.# #.#


You could see asdu's ghost.

Vanquished Creatures
  The ghost of Anothat the Skirmisher, an amateur FoAK of Lugonu (D:3)
  Sigmund (D:5)
  A phantom (D:5)
  An orc warrior (D:6)
  2 ice beasts (D:7)
  3 ogres
  A sky beast (D:5)
  2 centaurs (D:7)
  3 giant frogs
  A scorpion (D:4)
  5 killer bees (D:7)
  A crimson imp (D:8)
  3 hounds
  A centaur zombie (D:8)
  6 wights
  4 orc wizards
  A centaur skeleton (D:7)
  Natasha (twice) (D:3)
  2 iguanas (D:4)
  2 hound skeletons
  16 gnolls
  10 adders
  A shadow imp (D:5)
  3 oozes
  An adder skeleton (D:4)
  3 giant geckos (D:3)
  17 orcs
  3 giant cockroaches
  9 goblins
  9 hobgoblins
  4 jackals (D:4)
  7 kobolds
  8 quokkas
  5 bats (D:1)
  5 giant newts
  A quokka skeleton (D:5)
  5 rats
150 creatures vanquished.

Vanquished Creatures (collateral kills)
  A wight (D:8)
  An orc priest (D:5)
2 creatures vanquished.

Grand Total: 152 creatures vanquished

Notes
Turn   | Place    | Note
--------------------------------------------------------------
     0 | D:1      | septik the Spriggan Enchanter began the quest for the Orb.
     0 | D:1      | Reached XP level 1. HP: 9/9 MP: 5/5
   218 | D:1      | Reached skill level 5 in Stealth
   218 | D:1      | Reached XP level 2. HP: 4/13 MP: 6/6
   222 | D:1      | Learned a level 2 spell: Ensorcelled Hibernation
  1096 | D:2      | Reached XP level 3. HP: 16/16 MP: 8/8
  1256 | D:2      | Found a burning altar of Makhleb.
  1263 | D:2      | Became a worshipper of Makhleb the Destroyer
  1560 | D:3      | Reached skill level 6 in Stealth
  1682 | D:3      | Reached XP level 4. HP: 21/21 MP: 9/9
  1886 | D:3      | Reached * piety under Makhleb
  1920 | D:3      | Found a stormy altar of Qazlal.
  1963 | D:3      | Noticed Natasha
  1971 | D:3      | Killed Natasha
  1971 | D:3      | Reached skill level 7 in Stealth
  2063 | D:3      | Noticed Anothat's ghost (amateur FoAK)
  2084 | D:3      | Learned a level 3 spell: Confuse
  2118 | D:3      | Killed Anothat's ghost
  2118 | D:3      | Reached skill level 9 in Stealth
  2118 | D:3      | Reached XP level 5. HP: 24/24 MP: 8/10
  2118 | D:3      | Reached XP level 6. HP: 28/28 MP: 8/11
  2296 | D:3      | Noticed Natasha
  2304 | D:3      | Killed Natasha
  2371 | D:4      | Found a blossoming altar of Fedhas.
  2373 | D:4      | Found a bloodstained altar of Trog.
  2516 | D:4      | Reached ** piety under Makhleb
  2674 | D:4      | Found a sacrificial altar of Ru.
  2819 | D:4      | Reached XP level 7. HP: 27/32 MP: 14/14
  2838 | D:4      | Reached skill level 5 in Hexes
  3024 | D:5      | Entered Level 5 of the Dungeon
  3181 | D:5      | Found Miepp's Jewellery Boutique.
  3491 | D:5      | Learned a level 3 spell: Tukima's Dance
  3711 | D:5      | Noticed Sigmund
  3821 | D:5      | Killed Sigmund
  3821 | D:5      | Reached skill level 1 in Shields
  4120 | D:5      | Reached XP level 8. HP: 36/36 MP: 15/15
  4135 | D:5      | Found a deep blue altar of Sif Muna.
  4626 | D:6      | Found a staircase to the Ecumenical Temple.
  4664 | D:6      | Reached *** piety under Makhleb
  4666 | D:6      | Reached skill level 1 in Fighting
  5262 | D:7      | Reached skill level 5 in Dodging
  5310 | D:7      | Found Limnyar's Antique Weapon Shop.
  5324 | D:7      | Bought a polished short sword for 224 gold pieces
  5324 | D:7      | Identified the +6 short sword "Juxziplu" {pierce, *Rage rElec Str+4 Stlth-} (You bought it in a shop on level 7 of the Dungeon)
  6088 | D:7      | Reached XP level 9. HP: 38/45 MP: 15/16
  6130 | D:7      | Reached **** piety under Makhleb
  6564 | D:8      | Found Kosapre's Food Shop.
  6782 | D:8      | Reached skill level 5 in Short Blades
  6830 | D:8      | Reached skill level 10 in Stealth
  6865 | D:8      | Noticed asdu's ghost (novice HOBe)
  6981 | D:8      | Mangled by asdu's ghost

Action                   |  1- 3 |  4- 6 |  7- 9 || total
-------------------------+-------+-------+-------++-------
Melee: Dagger            |    38 |       |    83 ||   121
       Short sword       |    51 |    67 |    97 ||   215
       Falchion          |       |       |    11 ||    11
Throw: Stone             |       |       |     5 ||     5
 Cast: Ensorcelled Hiber |     4 |    14 |    94 ||   112
       Corona            |     1 |     1 |       ||     2
       Confuse           |       |     6 |    20 ||    26
       Tukima's Dance    |       |       |    17 ||    17
 Stab: Sleeping          |    21 |    22 |    50 ||    93
       Confused          |       |     2 |     9 ||    11
  Eat: Bread ration      |       |       |     2 ||     2
